 Dungeon Crawl Stone Soup version 0.29-a0-821-g66395355a5 (webtiles) character file.

Game seed: 8407790783126256216

57983 Shayle the Tainter (level 14, -8/127 (139) HPs)
             Began as a Naga Brigand on July 7, 2022.
             Was a Believer of Ashenzari.
             Killed from afar by an orc sorcerer (25 damage)
             ... with a bolt of negative energy
             ... led by an orc warlord
             ... on level 2 of the Orcish Mines.
             The game lasted 01:48:20 (28642 turns).

Shayle the Tainter (Naga Brigand)                  Turns: 28642, Time: 01:48:23

HP:   -8/127 (139)  AC: 17    Str: 16    XL:     14   Next: 88%
MP:   0/26          EV:  9    Int: 15    God:    Ashenzari [**....]
Gold: 1368          SH:  0    Dex: 15    Spells: 13/30 levels left

rFire   + + .      SeeInvis +   W - +3 rapier "Hafa" {freeze, rF+ rC+ Dex+3}
rCold   + + .      Faith    .   (no shield)
rNeg    . . .      Spirit   +   v - +2 leather armour {rF+}
rPois   +          Reflect  .   Q - +0 helmet
rElec   .          Harm     .   c - +1 cloak of the Chained Moon {Elem, Comp} (curse)
rCorr   .          Rampage  .   u - +0 pair of gloves
Will    +....                   (no barding)
Stlth   ++++......              s - amulet of Supernal Understanding {Spirit, Melee, Self} (curse)
HPRegen 0.31/turn               w - ring "Gnosis of Ashenzari" {rC+, Alch, Range} (curse)
MPRegen 0.20/turn               H - ring of Supernal Knowledge {AC+4, Elem, Bglg} (curse)

@: drained, invisible, very slow
A: AC +4, large, see invisible, deformed body, poison resistance, slowness 2,
spit poison 2, naga tail 2, sense surroundings 1
a: Breathe Poison Gas, Renounce Religion, Curse Item, Shatter the Chains


You were on level 2 of the Orcish Mines.
You worshipped Ashenzari.
Ashenzari was pleased with you.
You visited 4 branches of the dungeon, and saw 20 of its levels.
You also visited: Ossuary, Bailey and Volcano.

You collected 1368 gold pieces.

Inventory:

Hand Weapons
 a - a +2 dagger of freezing
 f - a +4 flail
 A - a +3 broad axe of flaming
 G - a +5 trident of freezing
 W - the +3 rapier "Hafa" (weapon) {freeze, rF+ rC+ Dex+3}
   (You found it on level 6 of the Lair of Beasts)

   It freezes those it strikes, dealing additional cold damage.
   It can also slow down cold-blooded creatures.
   Dex:       It affects your dexterity (+3).
   rF:        It protects you from fire.
   rC:        It protects you from cold.
Missiles
 d - 25 poisoned darts (quivered)
 C - a throwing net
 X - a silver boomerang
Armour
 c - the cursed +1 cloak of the Chained Moon (worn) {Elem, Comp}

   It has a curse which improves the following skills: Elements: Fire Magic, Ice
   Magic, Air Magic and Earth Magic.
   Companions: Summonings and Necromancy.
 l - a +2 leather armour of cold resistance
 n - a +0 troll leather armour
 u - a +0 pair of gloves (worn)
 v - a +2 leather armour of fire resistance (worn)
 B - +0 steam dragon scales
 Q - a +0 helmet (worn)
Jewellery
 s - the cursed amulet of Supernal Understanding (around neck) {Spirit, Melee, Self}
   (You found it on level 2 of the Dungeon)

   [amulet of guardian spirit]

   It causes incoming damage to be divided between your reserves of health and
   magic.
   It has a curse which improves the following skills: Melee Combat: Short
   Blades, Long Blades, Axes, Maces & Flails, Polearms, Staves and Unarmed
   Combat.
   Introspection: Fighting and Spellcasting.
 w - the cursed ring "Gnosis of Ashenzari" (left hand) {rC+, Alch, Range}
   (You found it on level 7 of the Dungeon)

   [ring of protection from cold]

   rC:        It protects you from cold.
   It has a curse which improves the following skills: Alchemy: Poison Magic and
   Transmutations.
   Ranged Combat: Ranged Weapons and Throwing.
 y - a ring of willpower
 H - the cursed ring of Supernal Knowledge (right hand) {AC+4, Elem, Bglg}
   (You found it on level 10 of the Dungeon)

   [ring of protection]

   AC:        It affects your AC (+4).
   It has a curse which improves the following skills: Elements: Fire Magic, Ice
   Magic, Air Magic and Earth Magic.
   Beguiling: Conjurations, Hexes and Translocations.
 O - a ring of protection from fire
 T - a ring of magical power
Wands
 g - a wand of light (2)
 o - a wand of iceblast (1)
 F - a wand of flame (14)
 M - a wand of polymorph (2)
 N - a wand of paralysis (5)
 U - a wand of mindburst (6)
Scrolls
 b - 7 scrolls of teleportation
 e - 4 scrolls of blinking
 h - a scroll of silence
 j - 2 scrolls of magic mapping
 q - a scroll of immolation
 x - 2 scrolls of fog
 P - 2 scrolls of enchant armour
 R - a scroll of poison
 S - 2 scrolls of amnesia
Potions
 i - 4 potions of flight
 k - 9 potions of might
 m - a potion of attraction
 p - 3 potions of curing
 r - 3 potions of haste
 t - 7 potions of mutation
 z - a potion of brilliance
 D - 2 potions of magic
 E - 3 potions of lignification
 I - a potion of cancellation
 J - 2 potions of resistance
 K - 3 potions of ambrosia
 L - a potion of heal wounds


   Skills:
 + Level 11.5(12.7) Fighting
 - Level 2.0(3.0) Short Blades
 - Level 3.7(4.8) Throwing
 - Level 4.0 Armour
 - Level 0.7 Dodging
 - Level 9.1 Stealth
 + Level 6.9(8.2) Unarmed Combat
 - Level 7.3(8.6) Spellcasting
 - Level 6.9(8.2) Conjurations
 + Level 5.5(6.7) Necromancy
 + Level 8.8(10.1) Transmutations
 + Level 7.3(9.3) Fire Magic
 - Level 4.6(6.4) Air Magic
 + Level 5.5(7.4) Earth Magic
 - Level 13.3(14.5) Poison Magic


You had 13 spell levels left.
You knew the following spells:

 Your Spells              Type           Power      Damage    Failure   Level
a - Mephitic Cloud        Conj/Pois/Air  35%        N/A       1%          3
b - Scorch                Fire           68%        2d8       1%          2
c - Flame Wave            Conj/Fire      32%        2d8       3%          4
d - Hailstorm             Conj/Ice       19%        3d6       24%         4
e - Olgreb's Toxic Radia  Pois           49%        N/A       1%          4

Your spell library contained the following spells:

 Spells                   Type           Power      Damage    Failure   Level
 Magic Dart               Conj           100%       1d8       1%          1
 Sting                    Tmut/Pois      100%       1d8       1%          1
 Poisonous Vapours        Pois/Air       74%        N/A       1%          2
 Vampiric Draining        Necr           26%        2d7       2%          3
 Corpse Rot               Necr/Pois/Air  34%        N/A       3%          4
 Animate Dead             Necr           26%        N/A       9%          4
 Dispel Undead            Necr           26%        3d13      9%          4
 Slow                     Hex            24%        N/A       13%         1
 Eringya's Noxious Bog    Tmut/Pois      21%        N/A       13%         6
 Ice Form                 Ice/Tmut       21%        N/A       16%         4
 Call Imp                 Summ           6%         N/A       19%         2
 Call Canine Familiar     Summ           6%         N/A       36%         3
 Confusing Touch          Hex            6%         N/A       36%         3
 Ozocubu's Armour         Ice            7%         N/A       36%         3
 Death Channel            Necr           13%        N/A       78%         6
 Metabolic Englaciation   Hex/Ice        3%         N/A       98%         5
 Simulacrum               Ice/Necr       8%         N/A       99%         6
 Dispersal                Tloc           3%         N/A       100%        6
 Summon Cactus Giant      Summ           3%         N/A       100%        6
 Haunt                    Necr/Summ      8%         N/A       100%        7
 Disjunction              Tloc           3%         N/A       100%        8
 Ignition                 Fire           17%        3d7       100%        8
 Infestation              Necr           13%        N/A       100%        8
 Maxwell's Capacitive Co  Air            12%        ∞         100%        8


Dungeon Overview and Level Annotations

Branches:
Dungeon (11/15)            Temple (1/1) D:4            Lair (6/6) D:10
  Swamp (0/4) Lair:2       Spider (0/4) Lair:4        Slime (0/5) Lair:5
    Orc (2/2) D:10        Ossuary (visited)          Bailey (visited)
Volcano (visited)
    Elf: Orc:2

Altars:
Ashenzari
Cheibriados
Dithmenos
Elyvilon
Fedhas
Gozag
Hepliaklqana
Kikubaaqudgha
Makhleb
Nemelex Xobeh
Okawaru
Qazlal
Ru
Sif Muna
Trog
Uskayaw
Vehumet
Wu Jian
Xom
Yredelemnul
Zin
The Shining One
Jiyva

Annotations:
D:2 1 runed translucent door, Crazy Yiuf
D:4 1 runed translucent door, zhov's ghost, amateur DsHu
D:5 exclusion: statue


Innate Abilities, Weirdness & Mutations

Your serpentine skin is tough. (AC +4)
You have supernaturally acute eyesight. (SInv)
Armour fits poorly on your strangely shaped body.
Your system is resistant to poisons. (rPois)
You cover ground very slowly.
You can exhale a cloud of poison.
You can use your snake-like lower body to constrict enemies.
You passively map a small area around you.


Message History

You hit the warg. You freeze the warg. You grab the warg.
The warg is almost dead.
You constrict the warg.
An orc comes into view. It is wielding a +0 dagger.
The orc warrior barely misses you. The orc barely misses you.
The orc warrior hits the orc warrior with a +1 halberd of protection!!
The orc warrior is killed!
The orc warrior hits itself with a +1 halberd of protection!!
The warg barely misses you.
You hit the warg. You freeze the warg.
You kill the warg!
Unknown command.
The orc barely misses you.
The orc sorcerer seems less confused.
The orc barely misses you.
The orc sorcerer points at you and mumbles some strange words.
The bolt of negative energy misses the orc.
The bolt of negative energy hits the orc!!
The orc is drained!
The orc dies!
The bolt of negative energy hits you!!
You feel drained.
* * * LOW HITPOINT WARNING * * *
As you read the scroll of fog, it crumbles to dust.
The scroll dissolves into smoke.
There is a stone staircase leading up here.
Things that are here:
a +0 leather armour; a +0 whip
Okay, then.
Aiming: Iceblast
Press: ? - help, Shift-Dir - straight line, f/p - orc sorcerer
Aim: an orc sorcerer, wielding a +0 dagger and wearing a +0 robe (purple smoke, moderately wounded)
The mass of ice explodes!
The iceblast engulfs the orc sorcerer!
The orc sorcerer is heavily wounded.
The iceblast engulfs the orc!
You kill the orc!
The iceblast engulfs the orc!!
You kill the orc!
You hear a shout!
The orc sorcerer points at you and mumbles some strange words.
The bolt of negative energy hits you!!
You feel drained.
You die...

##...).o...........
,
#...o..............
,
##.....o..§........
#.....{{§§§§§§...#.
,
##....{{§§#§§......
##....§o§##........
#....§§§§§......$..
##...§.§[.........#
,
#.....§§)@§........
##..............$..
#......[[.........
,,
#.......<.........
**
*#..............#..
#................#.
#...............##
#..............##
##.....#.......#


You could see an orc sorcerer.

Vanquished Creatures
  3 orc warlords
  Snorg (Lair:5)
  3 boulder beetles
  5 hydras
  A centaur warrior (Volcano)
  2 two-headed ogres (D:8)
  5 death yaks
  Urug (Lair:4)
  A hell knight (Volcano)
  A lindwurm (Lair:6)
  An orc sorcerer (Orc:2)
  3 cyclopes
  5 elephants (Lair:6)
  5 black mambas
  9 cane toads
  Maggie (D:7)
  A rime drake (Lair:1)
  2 yaktaurs (Volcano)
  12 komodo dragons
  4 trolls
  3 tyrant leeches (Lair:2)
  Grinder (D:3)
  A hornet (D:6)
  12 blink frogs
  2 wraiths
  A basilisk (Lair:6)
  3 wyverns
  A steam dragon (D:8)
  50 yaks
  3 wargs
  Menkaure (D:6)
  2 swamp worms (Lair:2)
  A swamp drake (D:10)
  18 water moccasins
  2 black bears
  17 orc warriors
  A sky beast (D:6)
  2 ice beasts
  5 ogres
  4 centaurs
  An elephant skeleton (Lair:6)
  8 wolves (Lair:2)
  A phantom (D:6)
  2 elf zombies (Ossuary)
  2 necrophages
  11 bullfrogs
  6 scorpions
  25 wights
  A wyvern zombie (D:6)
  A water moccasin zombie (D:6)
  25 killer bees
  3 howler monkeys
  4 bullfrog zombies (D:6)
  A centaur zombie (Ossuary)
  3 human zombies
  A gnoll bouda (D:5)
  3 hounds
  13 orc priests
  19 jellies
  4 iguanas
  12 orc wizards
  A killer bee zombie (D:6)
  3 mummies
  11 gnolls
  5 adders
  2 shadow imps
  5 worms
  52 orcs
  8 ball pythons
  9 endoplasms
  5 giant cockroaches
  8 hobgoblins
  4 jackals (D:4)
  14 kobolds
  A quokka (D:4)
  7 goblins
  A goblin zombie (D:6)
  9 hobgoblin zombies (Ossuary)
  14 kobold zombies (Ossuary)
  5 orc zombies (Ossuary)
  A rat (D:2)
  2 rat zombies
509 creatures vanquished.

Vanquished Creatures (collateral kills)
  A white imp (D:5)
  A jackal zombie (Ossuary)
  A rat zombie (Ossuary)
3 creatures vanquished.

Vanquished Creatures (others)
  An orc (Orc:2)
  45 fungi
  58 plants
  13 withered plants (Lair:6)
117 creatures vanquished.

Grand Total: 629 creatures vanquished

Notes
Turn   | Place    | Note
-------+----------+-------------------------------------------
     0 | D:1      | Shayle the Naga Brigand began the quest for the Orb.
     0 | D:1      | Reached XP level 1. HP: 19/19 MP: 1/1
   288 | D:1      | Reached XP level 2. HP: 20/26 MP: 2/2
  1085 | D:2      | Got Imoyn's Catalogue of the Lofty Coals
  1103 | D:2      | Found a runed translucent door.
  1104 | D:2      | Noticed Crazy Yiuf
  1216 | D:2      | Reached skill level 1 in Spellcasting
  1242 | D:2      | Reached XP level 3. HP: 32/33 MP: 4/4
  1281 | D:2      | Found a faded altar of an unknown god.
  2075 | D:3      | Noticed Grinder
  2076 | D:3      | Identified the +1 ring mail "Qituggo" {rPois}
  2101 | D:3      | Gained mutation: You passively map a small area around you.
                  | [potion of mutation]
  2101 | D:3      | Gained mutation: You can exhale a cloud of poison. [potion
                  | of mutation]
  2106 | D:3      | Killed Grinder
  2107 | D:3      | Reached XP level 4. HP: 17/44 MP: 5/8
  2107 | D:3      | Reached XP level 5. HP: 19/50 MP: 5/9
  2107 | D:3      | Reached XP level 6. HP: 22/57 MP: 5/10
  2480 | D:3      | Found a glowing silver altar of Zin.
  2520 | D:3      | Found an ornate altar of the Wu Jian Council.
  2729 | D:4      | Found a staircase to the Ecumenical Temple.
  2840 | D:4      | Found a shimmering blue altar of Sif Muna.
  2903 | Temple   | Entered the Ecumenical Temple
  3153 | D:4      | Found a runed translucent door.
  3167 | D:4      | Noticed zhov's ghost (amateur DsHu)
  3362 | D:4      | Found a sacrificial altar of Ru.
  3712 | D:5      | Entered Level 5 of the Dungeon
  3901 | D:5      | Found a radiant altar of Vehumet.
  3972 | D:5      | Found a broken altar of Ashenzari.
  3980 | D:5      | Became a worshipper of Ashenzari the Shackled
  4030 | D:5      | Reached XP level 7. HP: 29/61 MP: 4/12
  4680 | D:5      | Reached skill level 5 in Fighting
  4680 | D:5      | Reached skill level 1 in Unarmed Combat
  5167 | D:5      | Reached XP level 8. HP: 74/74 MP: 14/14
  5184 | D:5      | Found a sparkling altar of Nemelex Xobeh.
  5547 | D:6      | Learned a level 3 spell: Mephitic Cloud
  5648 | D:6      | Learned a level 2 spell: Scorch
  5723 | D:6      | Reached skill level 1 in Poison Magic
  5750 | D:6      | Found a sand-covered staircase.
  5757 | Ossuary  | Entered an ossuary
  6425 | Ossuary  | Reached skill level 1 in Fire Magic
  6530 | Ossuary  | Reached skill level 5 in Spellcasting
  7047 | D:6      | Noticed Menkaure
  7054 | D:6      | Killed Menkaure
  7055 | D:6      | Reached XP level 9. HP: 32/85 MP: 1/17
  7692 | D:6      | Found a basalt altar of Yredelemnul.
  7693 | D:6      | Noticed a hornet
  7701 | D:6      | Killed a hornet
  7702 | D:6      | Reached skill level 1 in Conjurations
  7702 | D:6      | Reached skill level 1 in Air Magic
  7702 | D:6      | Reached skill level 2 in Poison Magic
  7935 | D:6      | Found a glowing golden altar of the Shining One.
  8464 | D:6      | Found an ancient bone altar of Kikubaaqudgha.
  9316 | D:7      | Reached skill level 3 in Poison Magic
  9412 | D:7      | Reached skill level 5 in Unarmed Combat
  9447 | D:7      | Found a hazy altar of Hepliaklqana.
  9450 | D:7      | Found a shadowy altar of Dithmenos.
  9476 | D:7      | Noticed Maggie
  9481 | D:7      | Killed Maggie
  9482 | D:7      | Reached XP level 10. HP: 74/96 MP: 14/20
  9992 | D:7      | Found a bloodstained altar of Trog.
  9993 | D:7      | Found a snail-covered altar of Cheibriados.
 10108 | D:7      | Reached skill level 4 in Poison Magic
 10389 | D:7      | Found a shimmering altar of Xom.
 10722 | D:8      | Reached * piety under Ashenzari
 10745 | D:8      | Noticed a cyclops
 10749 | D:8      | Killed a cyclops
 10986 | D:8      | Reached skill level 1 in Transmutations
 11091 | D:8      | Noticed a two-headed ogre
 11099 | D:8      | Killed a two-headed ogre
 11435 | D:8      | Reached skill level 5 in Poison Magic
 11931 | D:8      | Noticed a two-headed ogre
 11937 | D:8      | Killed a two-headed ogre
 11938 | D:8      | Reached XP level 11. HP: 104/104 MP: 15/22
 12375 | D:9      | Identified a scroll of acquirement
 12379 | D:9      | Acquired the Guide on the Gathered Figure
 14001 | D:10     | Entered Level 10 of the Dungeon
 14080 | D:10     | Found an opulent altar of Gozag.
 14159 | D:10     | Found a flagged portal.
 14191 | Bailey   | Entered a bailey
 14207 | Bailey   | Noticed an orc warlord
 14231 | Bailey   | Learned a level 4 spell: Flame Wave
 14367 | Bailey   | Found a runed translucent gate.
 14385 | Bailey   | Found a runed translucent gate.
 14387 | Bailey   | Found a runed translucent gate.
 14580 | Bailey   | HP: 5/106 [orc warlord/+0 war axe (25)]
 14587 | Bailey   | Killed an orc warlord
 14588 | Bailey   | Reached skill level 6 in Poison Magic
 14979 | Bailey   | Reached skill level 9 in Poison Magic
 14979 | Bailey   | Reached XP level 12. HP: 114/114 MP: 24/24
 15602 | D:10     | Found a staircase to the Orcish Mines.
 15735 | D:10     | Found a staircase to the Lair.
 16132 | D:10     | Reached ** piety under Ashenzari
 16391 | D:11     | Reached skill level 10 in Poison Magic
 16392 | D:11     | Noticed a boulder beetle
 16413 | D:11     | Killed a boulder beetle
 16620 | D:11     | Noticed a boulder beetle
 16638 | D:11     | Killed a boulder beetle
 16639 | D:11     | Reached skill level 5 in Transmutations
 17051 | D:11     | Noticed a five-headed hydra
 17377 | Lair:1   | Entered Level 1 of the Lair of Beasts
 17386 | Lair:1   | Gained mutation: You can use your snake-like lower body to
                  | constrict enemies. [Naga growth]
 17386 | Lair:1   | Reached XP level 13. HP: 76/124 MP: 8/25
 17832 | Lair:1   | Reached skill level 11 in Poison Magic
 18448 | Lair:1   | Reached skill level 10 in Fighting
 19329 | Lair:2   | Found a dark tunnel.
 19338 | Lair:2   | Learned a level 4 spell: Hailstorm
 19341 | Volcano  | Entered a volcano
 19563 | Volcano  | Reached skill level 1 in Necromancy
 19564 | Volcano  | Reached skill level 1 in Earth Magic
 20051 | Lair:2   | Reached skill level 12 in Poison Magic
 20060 | Lair:2   | Reached skill level 5 in Fire Magic
 21041 | Lair:2   | Learned a level 4 spell: Olgreb's Toxic Radiance
 21161 | Lair:2   | Found a staircase to the Swamp.
 22559 | Lair:4   | Found a hole to the Spider Nest.
 22676 | Lair:4   | Identified the +3 mace "Louraimaj" {drain, *Slow Str+4
                  | Int+3 Dex+4}
 22861 | Lair:4   | Identified the +1 robe of Bihopoqe {rF+}
 22866 | Lair:4   | Noticed Urug
 22964 | Lair:4   | Killed Urug
 23271 | Lair:4   | Reached XP level 14. HP: 120/136 MP: 22/26
 23721 | Lair:5   | Noticed Snorg
 24565 | Lair:5   | Found a staircase to the Slime Pits.
 24565 | Lair:5   | Found a viscous altar of Jiyva.
 25104 | Lair:5   | Killed Snorg
 25150 | Lair:6   | Entered Level 6 of the Lair of Beasts
 26057 | Lair:6   | Reached skill level 13 in Poison Magic
 26777 | Lair:6   | Reached skill level 5 in Earth Magic
 26969 | Lair:6   | Reached skill level 5 in Necromancy
 27040 | Lair:6   | Identified the +3 rapier "Hafa" {freeze, rF+ rC+ Dex+3}
 27430 | Lair:6   | Noticed a dire elephant
 27431 | Lair:6   | Noticed a dire elephant
 27432 | Lair:6   | Identified the +9 war axe "Conoste" {holy, Will+}
 27738 | Orc:1    | Entered Level 1 of the Orcish Mines
 27738 | Orc:1    | Noticed an orc warlord
 27763 | Orc:1    | Killed an orc warlord
 28474 | Orc:2    | Entered Level 2 of the Orcish Mines
 28599 | Orc:2    | Noticed an orc warlord
 28629 | Orc:2    | Killed an orc warlord
 28642 | Orc:2    | Killed from afar by an orc sorcerer

Illustrated notes

Levels and vault maps discovered:
D:1:      dpeg_arrival_radiant, layout_loops_corners
D:2:      layout_basic, hellmonk_ecumenical_altar_lost_god,
          uniq_crazy_yiuf_cottage
D:3:      layout_loops_ring, mainiacjoe_overflow_swirl, uniq_grinder
D:4:      layout_rooms, lemuel_round_altar, mainiacjoe_overflow_cross_hatched,
          minmay_temple_entry_offerings, ebering_ghost_sewer_d
D:5:      layout_loops_ring, vehumet_statue, ashenzari_altar_1,
          nemelex_dance_club_becter
D:6:      layout_basic, lemuel_mausoleum_altar_kikubaaqudgha,
          mainiacjoe_overflow_small_starburst, lemuel_doored_altar,
          enter_ossuary_4, serial_bayou_pond_e, uniq_menkaure
D:7:      layout_loops_ring, riverfiend_overflow_shadow_ancestor,
          lemuel_tele_altar, gammafunk_temple_overflow_pools, uniq_maggie
D:8:      layout_basic, dreamdust_princess_corridor, minivault_19,
          serial_bayou_pond_a
D:9:      layout_loops_corners, serial_park_tiny_1
D:10:     layout_long_grid, grunt_gozag_breadcrumbs, erik_lair_orcish_takeover,
          erik_orc_1, enter_bailey_7
D:11:     minmay_the_grid_triangle_9x9_recursive_3_mashed
          [minmay_the_grid_triangle_9x9_intruding_spiral,
          minmay_the_grid_triangle_9x9_skeleton,
          minmay_the_grid_triangle_9x9_thin_v,
          minmay_the_grid_triangle_9x9_prize_special,
          minmay_the_grid_triangle_9x9_from_above,
          minmay_the_grid_triangle_9x9_semitri,
          minmay_the_grid_triangle_9x9_pentomino_pain,
          minmay_the_grid_triangle_9x9_negative_grid,
          minmay_the_grid_triangle_9x9_alien], layout_basic
Temple:   hellmonk_temple_flake
Lair:1:   layout_misc_corridors, hibernation_bobbens
Lair:2:   layout_regular_city, minmay_swamp_entry_worms, enter_volcano_2,
          infiniplex_staircase_pool_2
Lair:3:   layout_chaotic_city, serial_rivers, chequers_serial_rivers_room_b,
          chequers_serial_rivers_micro_b, chequers_serial_rivers_room_a,
          chequers_serial_rivers_micro_c, chequers_serial_rivers_micro_c,
          chequers_serial_rivers_small_a
Lair:4:   layout_cave_pods, nicolae_spider_entry_non_spiders, uniq_urug
Lair:5:   layout_hall_layers, minmay_slime_entry_jelly_boxes,
          chequers_serial_rivers_marsh, grunt_megastairs_3, uniq_snorg
Lair:6:   due_jungle_book, layout_regular_city, lemuel_fruit_fields
Orc:1:    layout_diamond_mine, serial_shops, nicolae_shop_hallway_stairs
Orc:2:    st_orc_pillars, layout_caves

Skill      XL: |  1  2  3  4  5  6  7  8  9 10 11 12 13 14 |
---------------+-------------------------------------------+-----
Stealth        | 6 7 8 9 |  9.1
Spellcasting   | 1 2 3 4 5 6 7 |  7.3
Fighting       | 3 4 5 6 7 8 9 10 11 | 11.5
Unarmed Combat | 2 3 5 6 |  6.9
Poison Magic   | 1 3 5 9 10 12 13 | 13.3
Fire Magic     | 2 4 5 7 |  7.3
Conjurations   | 2 4 6 |  6.9
Air Magic      | 2 4 |  4.6
Throwing       | 3 |  3.7
Transmutations | 2 3 5 7 8 |  8.8
Armour         | 4 |  4.0
Necromancy     | 3 5 |  5.5
Earth Magic    | 3 5 |  5.5
Short Blades   | |  2.0
Dodging        | |  0.7

Action                   |  1- 3 |  4- 6 |  7- 9 | 10-12 | 13-15 || total
-------------------------+-------+-------+-------+-------+-------++-------
Melee: Dagger            |    39 |    56 |    88 |       |     2 ||   185
       Punch             |       |       |     9 |     8 |    36 ||    53
       Flail             |       |       |   146 |    12 |       ||   158
       Broad axe         |       |       |       |   139 |   328 ||   467
       Constrict         |       |       |       |       |   113 ||   113
       Rapier            |       |       |       |       |    80 ||    80
Throw: Dart              |     3 |     2 |     2 |     5 |     1 ||    13
 Cast: Scorch            |       |       |    94 |   211 |   111 ||   416
       Mephitic Cloud    |       |       |       |    10 |    58 ||    68
       Olgreb's Toxic Ra |       |       |       |       |    20 ||    20
       Flame Wave        |       |       |       |       |     4 ||     4
       Hailstorm         |       |       |       |       |     1 ||     1
Invok: Curse Item        |       |       |     1 |     2 |     1 ||     4
 Abil: Spit Poison       |    16 |       |       |       |       ||    16
       Breathe Poison Ga |     1 |    20 |    22 |    44 |    35 ||   122
Evoke: Wand              |     6 |       |     5 |    10 |     6 ||    27
  Use: Potion            |     6 |       |     4 |     2 |     8 ||    20
       Scroll            |     5 |       |    15 |     4 |     4 ||    28
 Stab: Sleeping          |     3 |     1 |     3 |       |     6 ||    13
       Distracted        |       |       |     1 |     1 |       ||     2
       Confused          |       |       |       |     3 |    24 ||    27
       Fleeing           |       |       |       |       |     1 ||     1
       Invisible         |       |       |       |       |     1 ||     1
Armor: Robe              |     9 |     5 |       |       |       ||    14
       Leather armour    |       |    13 |   120 |   150 |   299 ||   582
       Skin              |       |       |     8 |       |       ||     8
Dodge: Dodged            |    17 |    19 |   129 |   183 |   294 ||   642

Table legend: (Time is in decaauts)
 A = Elapsed time spent in this place.
 B = Non-inter-level travel time spent in this place.
 C = Inter-level travel time spent in this place.
 D = Time resting spent in this place.
 E = Time spent auto-exploring this place.
 F = Levels seen in this place.
 G = Mean time per level.
                   A        B        C        D        E       F      G
               +--------+--------+--------+--------+--------+-----+--------+
         Total |  34205 |  33141 |   1064 |   9667 |  16073 |  23 | 1487.2 |
       Dungeon |  18828 |  18207 |    621 |   4894 |   9849 |  11 | 1711.6 |
        Temple |    208 |    195 |     13 |      0 |    186 |   1 |  208.0 |
          Lair |  11879 |  11458 |    421 |   3284 |   5737 |   6 | 1979.8 |
  Orcish Mines |    611 |    603 |      8 |    304 |    109 |   2 |  305.5 |
       Ossuary |   1332 |   1332 |      0 |    638 |      4 |   1 | 1332.0 |
        Bailey |    926 |    926 |      0 |    446 |    123 |   1 |  926.0 |
       Volcano |    418 |    418 |      0 |    100 |     64 |   1 |  418.0 |
               +--------+--------+--------+--------+--------+-----+--------+

Top non-repeatable levels by time:
     D:6: 2982 daAuts
  Lair:5: 2567 daAuts
  Lair:1: 2420 daAuts
    D:10: 2384 daAuts
     D:9: 2264 daAuts
  Lair:4: 1918 daAuts
  Lair:2: 1888 daAuts
     D:7: 1851 daAuts
  Lair:6: 1774 daAuts
     D:5: 1663 daAuts
     D:4: 1548 daAuts
     D:8: 1465 daAuts
     D:1: 1382 daAuts
 Ossuary: 1332 daAuts
  Lair:3: 1310 daAuts
